 Dungeon Crawl Stone Soup version 0.23.2-1-ga50397a (webtiles) character file.

Game seed: 15994724790041202404

3177 schauveau the Slinger (level 10, -34/65 HPs)
             Began as a Halfling Hunter on May 5, 2019.
             Was a Priest of Okawaru.
             Annihilated by a very large slime creature (61 damage)
             ... on level 6 of the Dungeon.
             The game lasted 00:15:04 (6967 turns).

schauveau the Slinger (Halfling Hunter)             Turns: 6967, Time: 00:15:04

Health: -34/65     AC:  5    Str: 13    XL:     10   Next: 16%
Magic:  10/10      EV: 18    Int:  9    God:    Okawaru [***...]
Gold:   225        SH:  0    Dex: 19    Spells: 9/9 levels left

rFire    + . .     SeeInvis .   a - +1 hunting sling
rCold    . . .     Gourm    .   (shield restricted)
rNeg     . . .     Faith    .   c - +0 leather armour
rPois    .         Spirit   .   (no helmet)
rElec    .         Reflect  .   l - +1 cloak
rCorr    .         Harm     .   (no gloves)
MR       .....                  (no boots)
Stlth    ++++......             (no amulet)
HPRegen  0.20/turn              w - ring of protection from fire
MPRegen  0.12/turn              C - ring of stealth

@: no status effects
A: small, mutation resistance 1
a: Heroism, Renounce Religion


You were on level 6 of the Dungeon.
You worshipped Okawaru.
Okawaru was most pleased with you.
You were not hungry.

You visited 2 branches of the dungeon, and saw 8 of its levels.

You collected 365 gold pieces.
You spent 140 gold pieces at shops.

Inventory:

Hand Weapons
 a - a +1 hunting sling (weapon)
 b - a +2 short sword of draining
Missiles
 q - 174 stones
 D - 35 poisoned needles
 Q - 14 sling bullets (quivered)
Armour
 c - a +0 leather armour (worn)
 l - a +1 cloak (worn)
 A - a +0 buckler
Jewellery
 n - a +3 ring of evasion {unknown}
 s - a +3 ring of intelligence
 w - a ring of protection from fire (left hand)
 C - a ring of stealth (right hand)
Wands
 d - a wand of acid (11)
 h - a wand of flame (15)
 r - a wand of iceblast (6)
 y - a wand of clouds (10)
Scrolls
 g - 2 scrolls of identify
 i - 4 scrolls of enchant armour
 j - 2 scrolls of remove curse
 m - a scroll of fear {unknown}
 o - a scroll of noise {unknown}
 t - a scroll of amnesia {unknown}
 u - a scroll of blinking {unknown}
Potions
 e - 2 potions of curing
 k - a potion of haste
 p - 2 potions of heal wounds
 x - a potion of cancellation {unknown}
 B - a potion of mutation {unknown}
Comestibles
 f - 11 rations


   Skills:
 + Level 4.8 Fighting
 - Level 12.3 Slings
 + Level 5.2 Armour
 + Level 5.8 Dodging
 + Level 5.9 Stealth
 + Level 5.2 Shields


You had 9 spell levels left.
You didn't know any spells.
Your spell library contained the following spells:

 Spells                   Type           Power        Failure   Level  Hunger
 Beastly Appendage        Tmut           #.....       45%         1    ##.....
 Sticks to Snakes         Tmut           #.......     58%         2    ###....
 Spider Form              Tmut/Pois      #.........   83%         3    ####...
 Ice Form                 Ice/Tmut       #.......     99%         4    #####..
 Blade Hands              Tmut           #.........   100%        5    ######.


Dungeon Overview and Level Annotations

Branches:
Dungeon (7/15)             Temple (1/1) D:4

Altars:
Ashenzari
Cheibriados
Dithmenos
Elyvilon
Fedhas
Gozag
Kikubaaqudgha
Makhleb
Nemelex Xobeh
Okawaru
Qazlal
Ru
Sif Muna
Trog
Uskayaw
Wu Jian
Xom
Yredelemnul
Zin
The Shining One

Shops:
D:4 (}:%   D:6 !   D:7 }

Annotations:
D:2 Grinder


Innate Abilities, Weirdness & Mutations

You are small and have problems with some larger weapons.
You are somewhat resistant to further mutation.


Message History

The sling bullet completely misses the very large slime creature.
The sling bullet hits the ooze!
The ooze is heavily wounded.
The very large slime creature hits you!!!
Ouch! That really hurt!
* * * LOW HITPOINT WARNING * * *
You are too injured to fight recklessly!
Things that are here:
a +0 quarterstaff; a +0 hunting sling; a +0 ring mail
Things that are here:
a +0 hand axe; a +0 ring mail The very large slime creature jiggles.
You see here a flail.
There is a stone staircase leading up here.
The very large slime creature completely misses you.
You climb upwards.
There is a stone staircase leading down here.
The very large slime creature hits you!!!
Ouch! That really hurt!
You die...

#...........# #.### #
#.....).....# #...#
#..........## #...#
#..#......## #####...#
#..##################.......#
# ....#
##.....#.....#.###...#####
....# ##..............#
##....... ...>#
#...............###..######
....# #........J@[........##
##### #.......)....<..#####
#........)......#
#...............#
#...............#
##.>...........##
##.....#.....## #############


You could see a very large slime creature.

Vanquished Creatures
  Joseph (D:7)
  Prince Ribbit (D:7)
  Menkaure (D:5)
  Duvessa (D:5)
  2 ice beasts
  2 phantoms
  2 sky beasts
  An ogre (D:6)
  2 centaurs
  Blork the orc (D:4)
  3 bullfrogs
  3 big kobolds (D:7)
  A wyvern zombie (D:7)
  Dowan (D:5)
  3 scorpions
  3 crimson imps
  A bullfrog zombie (D:7)
  4 jellies
  A quasit (D:5)
  An orc priest (D:6)
  6 hounds
  A bullfrog skeleton (D:7)
  A centaur skeleton (D:4)
  An iguana (D:5)
  2 orc wizards (D:6)
  A worker ant (D:7)
  A worker ant zombie (D:6)
  9 adders
  3 gnolls (D:5)
  6 oozes
  5 worms (D:2)
  2 dart slugs
  5 leopard geckos
  11 orcs
  5 ball pythons
  8 bats
  2 giant cockroaches
  10 goblins
  10 hobgoblins
  6 jackals
  13 kobolds
  3 quokkas
  4 frilled lizards
  A quokka zombie (D:7)
  10 rats
161 creatures vanquished.

Vanquished Creatures (others)
  3 fungi (D:7)
  8 toadstools (D:7)
11 creatures vanquished.

Grand Total: 172 creatures vanquished

Notes
Turn   | Place    | Note
-------+----------+-------------------------------------------
     0 | D:1      | schauveau the Halfling Hunter began the quest for the Orb.
     0 | D:1      | Reached XP level 1. HP: 14/14 MP: 1/1
    46 | D:1      | Reached skill level 6 in Slings
   118 | D:1      | Reached XP level 2. HP: 9/19 MP: 2/2
   981 | D:2      | Noticed a crimson imp
   984 | D:2      | Reached skill level 7 in Slings
   984 | D:2      | Reached XP level 3. HP: 21/24 MP: 3/3
  1019 | D:2      | Reached skill level 8 in Slings
  1019 | D:2      | Reached XP level 4. HP: 18/29 MP: 4/4
  1106 | D:2      | Found a glowing silver altar of Zin.
  1141 | D:2      | Reached XP level 5. HP: 9/34 MP: 5/5
  1551 | D:2      | Reached skill level 9 in Slings
  1793 | D:2      | Found a sparkling altar of Nemelex Xobeh.
  1793 | D:2      | Found a deep blue altar of Sif Muna.
  1870 | D:3      | Noticed Grinder
  1899 | D:2      | Paralysed by Grinder for 7 turns
  2114 | D:4      | Found Esiffo's Gadget Boutique.
  2114 | D:4      | Found Vopuavam's Weapon Boutique.
  2114 | D:4      | Found Fijaxzin's Book Boutique.
  2115 | D:4      | Found Komeacw's Food Boutique.
  2163 | D:4      | Noticed Blork the orc
  2182 | D:4      | Killed Blork the orc
  2182 | D:4      | Reached skill level 10 in Slings
  2182 | D:4      | Reached XP level 6. HP: 24/39 MP: 1/6
  2236 | D:4      | Found a staircase to the Ecumenical Temple.
  2251 | Temple   | Entered the Ecumenical Temple
  2502 | Temple   | Became a worshipper of Warmaster Okawaru
  2640 | D:4      | Reached skill level 11 in Slings
  2640 | D:4      | Reached XP level 7. HP: 37/44 MP: 7/7
  3787 | D:5      | Entered Level 5 of the Dungeon
  3837 | D:5      | Noticed Dowan
  3842 | D:5      | Noticed Duvessa
  4191 | D:6      | Found Ciyhapn's Distillery.
  4196 | D:6      | Bought a potion of heal wounds for 70 gold pieces
  4196 | D:6      | Bought a potion of heal wounds for 70 gold pieces
  4238 | D:6      | Reached skill level 12 in Slings
  4263 | D:6      | Reached * piety under Okawaru
  4282 | D:6      | Reached skill level 1 in Armour
  4282 | D:6      | Reached skill level 1 in Shields
  4282 | D:6      | Reached XP level 8. HP: 16/50 MP: 8/8
  4713 | D:5      | Killed Duvessa
  4724 | D:5      | Killed Dowan
  4789 | D:5      | Reached ** piety under Okawaru
  4924 | D:5      | Noticed Menkaure
  4932 | D:5      | Killed Menkaure
  5571 | D:6      | Reached XP level 9. HP: 57/57 MP: 9/9
  6028 | D:7      | Found Perelyu's Gadget Shop.
  6091 | D:7      | Reached *** piety under Okawaru
  6130 | D:7      | Reached skill level 5 in Dodging
  6246 | D:7      | Noticed Prince Ribbit
  6264 | D:7      | Killed Prince Ribbit
  6264 | D:7      | Received a gift from Okawaru
  6264 | D:7      | Reached skill level 5 in Stealth
  6364 | D:7      | Noticed Joseph
  6397 | D:7      | Killed Joseph
  6397 | D:7      | Reached XP level 10. HP: 46/65 MP: 10/10
  6464 | D:7      | Reached skill level 5 in Armour
  6464 | D:7      | Reached skill level 5 in Shields
  6590 | D:7      | Reached **** piety under Okawaru
  6967 | D:6      | Annihilated by a very large slime creature

Skill      XL: |  1  2  3  4  5  6  7  8  9 10 |
---------------+-------------------------------+-----
Slings         | 6 7 8 10 11 12 | 12.3
Fighting       | 2 3 4 |  4.8
Armour         | 1 3 4 5 |  5.2
Shields        | 1 3 4 5 |  5.2
Stealth        | 3 5 |  5.9
Dodging        | 3 5 |  5.8

Action                   |  1- 3 |  4- 6 |  7- 9 | 10-12 || total
-------------------------+-------+-------+-------+-------++-------
Melee: Short sword       |    32 |       |    30 |       ||    62
       Hunting sling     |       |       |     1 |       ||     1
 Fire: Hunting sling     |    47 |   188 |   450 |    85 ||   770
  Use: Scroll            |       |       |     8 |       ||     8
       Potion            |       |       |     2 |       ||     2
 Stab: Sleeping          |     2 |       |       |       ||     2
  Eat: Ration            |       |     1 |     2 |     1 ||     4
       Chunk             |       |     1 |     4 |       ||     5
Armor: Leather armour    |     6 |     3 |    24 |     4 ||    37
Dodge: Dodged            |    27 |    22 |    78 |    31 ||   158
Block: Buckler           |       |       |     3 |       ||     3
